 Dungeon Crawl Stone Soup version 0.18-a0-1782-gb76a692 (webtiles) character file.

419 saintsgambit the Shield-Bearer (level 7, 0/54 HPs)
             Began as a Formicid Fighter on Apr 17, 2016.
             Was a Follower of Okawaru.
             Succumbed to a worker ant's poison
             ... on level 5 of the Dungeon.
             The game lasted 00:10:59 (2920 turns).

saintsgambit the Shield-Bearer (Formicid Fighter)   Turns: 2920, Time: 00:10:59

Health: 0/54       AC:  8    Str: 21    XL:     7   Next: 16%
Magic:  7/7        EV:  9    Int:  8    God:    Okawaru [*.....]
Gold:   216        SH: 10    Dex: 11    Spells: 0 memorised, 6 levels left

rFire  . . .     SeeInvis +     a - +0 quarterstaff
rCold  . . .     Gourm    .     b - +0 scale mail
rNeg   . . .     Faith    .     c - +0 shield
rPois  .         Spirit   .     (helmet unavailable)
rElec  .         Dismiss  .     e - +0 cloak
rCorr  .         Reflect  .     (no gloves)
SustAt .         Harm     .     (no boots)
MR     .....                    (no amulet)
Stlth  ..........               (no ring)
                                (no ring)

@: lethally poisoned (0 -> 0), not resistant to hostile enchantments, extremely
unstealthy
A: permanent stasis, dig shafts and tunnels, four strong arms, antennae 3
a: Dig, Shaft Self, Heroism, Renounce Religion


You were on level 5 of the Dungeon.
You worshipped Okawaru.
Okawaru was aware of your devotion.
You were very hungry.

You visited 1 branch of the dungeon, and saw 5 of its levels.

You collected 216 gold pieces.

Inventory:

Hand Weapons
 a - a +0 quarterstaff (weapon)
Armour
 b - a +0 scale mail (worn)
 c - a +0 shield (worn)
 e - a +0 cloak (worn)
 y - a +0 plate armour
 B - a +0 pair of boots
Jewellery
 m - an uncursed amulet of rage
Wands
 i - a wand of iceblast (7/15)
Scrolls
 h - 3 scrolls of identify
 n - a scroll of remove curse
 o - 5 scrolls of immolation {unknown}
 q - 3 scrolls of random uselessness {unknown}
 r - a scroll of recharging {unknown}
 s - 2 scrolls of teleportation {unknown}
 t - 2 scrolls of fog {unknown}
 u - a scroll of enchant armour {unknown}
 w - a scroll of magic mapping {unknown}
 x - a scroll of noise {unknown}
Potions
 d - 2 potions of might
 j - a potion of mutation {unknown}
 k - 2 potions of cure mutation
 p - a potion of degeneration {unknown}
 A - a potion of agility {unknown}
Comestibles
 f - 5 bread rations
 g - 4 meat rations
 v - 6 fruits
 z - a royal jelly


   Skills:
 + Level 4.2 Fighting
 + Level 3.2 Staves
 + Level 4.3 Armour
 + Level 2.3 Dodging
 + Level 1.0 Stealth
 + Level 6.2 Shields


You had 6 spell levels left.
You didn't know any spells.

Dungeon Overview and Level Annotations

Branches:
Dungeon (5/15)
 Temple: D:4-7

Altars:
Ashenzari
Okawaru
Zin


Innate Abilities, Weirdness & Mutations

You are under a permanent stasis effect.
You can dig through walls and to a lower floor.
Your four strong arms can wield two-handed weapons with a shield.
You have a pair of large antennae on your head (SInv).


Message History

Okawaru is aware of your devotion.
* * * LOW HITPOINT WARNING * * *
You feel sick.
Things that are here:
a hand axe; a wand of enslavement {zapped: 5}
* * * LOW HITPOINT WARNING * * *
You feel sick.
There is a lethal amount of poison in your body!
There is a lethal amount of poison in your body!
* * * LOW HITPOINT WARNING * * *
You feel sick.
* * * LOW HITPOINT WARNING * * *
You feel sick.
* * * LOW HITPOINT WARNING * * *
You feel sick.
* * * LOW HITPOINT WARNING * * *
You feel sick.
* * * LOW HITPOINT WARNING * * *
You feel sick.
You die...

..## ...## #...##
#....## ## ##.#..#
#....#.# .#
...[..###....# . #.#
.......#..##.# .#..
##.###....##.###.. ###
#.###..#....?##.# ....
#).....#......#@##.....
###..........##........
##..............#.....
#......#...#....# ....
##..[..##...#......####
##....####...#...##.#
......................
.........#...#...#####.
#.#.#............. .


There were no monsters in sight!

Vanquished Creatures
  A howler monkey (D:5)
  2 crimson imps (D:5)
  Ijyb (D:3)
  Jessica (D:3)
  2 iguanas
  2 worker ants
  5 adders
  An ooze (D:4)
  An adder zombie (D:5)
  2 worms
  3 dart slugs
  6 giant geckos
  2 orcs
  8 bats
  4 giant cockroaches
  12 goblins
  9 hobgoblins
  7 jackals (D:3)
  8 kobolds
  2 quokkas
  A giant cockroach zombie (D:3)
  A giant gecko skeleton (D:5)
  4 giant newts
  9 rats
94 creatures vanquished.

Notes
Turn   | Place    | Note
--------------------------------------------------------------
     0 | D:1      | saintsgambit the Formicid Fighter began the quest for the Orb.
     0 | D:1      | Reached XP level 1. HP: 18/18 MP: 1/1
     2 | D:1      | Noticed a draconian
     2 | D:1      | Noticed a ghoul
     4 | D:1      | Noticed a dwarf
     6 | D:1      | Noticed a centaur
     6 | D:1      | Noticed an elf
     8 | D:1      | Noticed a demonspawn
     8 | D:1      | Noticed a minotaur
    10 | D:1      | Noticed a felid
    10 | D:1      | Noticed a formicid
    12 | D:1      | Noticed a spriggan
    12 | D:1      | Noticed a tengu
    14 | D:1      | Noticed a troll
    16 | D:1      | Noticed a halfling
    19 | D:1      | Noticed a vine stalker
    19 | D:1      | Noticed a naga
    21 | D:1      | Noticed a demigod
    21 | D:1      | Noticed an octopode
    23 | D:1      | Noticed an ogre
    25 | D:1      | Noticed a vampire
    25 | D:1      | Noticed a merfolk
    27 | D:1      | Noticed a human
    27 | D:1      | Noticed a gargoyle
   109 | D:1      | Reached XP level 2. HP: 19/24 MP: 2/2
   110 | D:1      | Reached skill level 4 in Shields
   300 | D:1      | Reached XP level 3. HP: 29/29 MP: 3/3
   830 | D:2      | Found a shattered altar of Ashenzari.
  1049 | D:2      | Found an iron altar of Okawaru.
  1060 | D:2      | Reached XP level 4. HP: 31/37 MP: 4/4
  1063 | D:2      | Became a worshipper of Warmaster Okawaru
  1522 | D:3      | Reached skill level 5 in Shields
  1558 | D:3      | Noticed Jessica
  1565 | D:3      | Reached XP level 5. HP: 33/42 MP: 5/5
  1571 | D:3      | Killed Jessica
  2101 | D:3      | Reached skill level 1 in Dodging
  2163 | D:3      | Noticed Ijyb
  2191 | D:3      | Killed Ijyb
  2345 | D:3      | Reached XP level 6. HP: 48/48 MP: 6/6
  2761 | D:5      | Entered Level 5 of the Dungeon
  2763 | D:5      | Found a glowing silver altar of Zin.
  2786 | D:5      | Reached * piety under Okawaru
  2807 | D:5      | Reached skill level 6 in Shields
  2876 | D:5      | HP: 2/48 [worker ant (1)]
  2882 | D:5      | Reached XP level 7. HP: 18/54 MP: 4/7
  2895 | D:5      | Reached skill level 1 in Stealth
  2902 | D:5      | HP: 2/54 [poisoned by a worker ant]
  2908 | D:5      | HP: 1/54 [poisoned by a worker ant]
  2916 | D:5      | HP: 1/54 [poisoned by a worker ant]
  2920 | D:5      | Succumbed to a worker ant's poison

Vault maps used:
D:1:      kb_arrival_jail
D:2:      wad_crossroads, lemuel_crystal_altar, okawaru_metal_pillars_1_2
D:3:      kennysheep_goblin_castle, uniq_jessica
D:4:      minmay_misc_feat_enclosed
D:5:      nicolae_overflow_crystal_walls, led_sif_pool, marbit_many_paths,
          first_bread

Skill      XL: |  1  2  3  4  5  6  7 |
---------------+----------------------+-----
Shields        | 4 5 6 |  6.2
Armour         | 4 |  4.3
Dodging        | 1 2 |  2.3
Fighting       | 4 |  4.2
Staves         | 3 |  3.2
Stealth        | 1 |  1.0

Action                   |  1- 3 |  4- 6 |  7- 9 || total
-------------------------+-------+-------+-------++-------
Melee: Quarterstaff      |   133 |   229 |    14 ||   376
Invok: Heroism           |       |     1 |       ||     1
  Use: Potion            |       |     6 |       ||     6
       Scroll            |       |     3 |       ||     3
  Eat: Pizza             |       |     2 |       ||     2
       Chunk             |       |     3 |       ||     3
Armor: Scale mail        |    75 |   104 |     1 ||   180
Dodge: Dodged            |    56 |   112 |     3 ||   171
Block: Shield            |    91 |   157 |     8 ||   256
